Unix NetHack Version 5.0.0-0 post-release - last build May 10 2026 23:12:36 (d1fa5d53e341ca933230fdaa984d921c805b60aa,branch:main).

Game began 2026-05-13 23:28:21, ended 2026-05-14 13:12:51.

BaeHund, neutral male human Healer

----                                                                 ----
|..------------------------                       ---                |..|---
|........................|.--.---.      -----------.-- -----   -------..--.---
-----------.%...-------........|..    ---..--..--....---.|.-----.............|
         |..*.--------............-   |...........................--------...|
        --...--  |....)...........----#...........----........-----      -----
       --....|   |.).................[...........### |.......--
       |.....-- --.<..-..).......------..........---#--#-....|      $
       -......---...........................................-- $
      |.............)............................--------#---            $
       ..............---.|...---...................--     #     ---
        ............-- ----..| |........@...........----   #   --.-#---
         ..........--     ---- --.---..q...............--   # --......----
          .........|            --- --....|.......*.....|  --#-.........0|
          ....---..--------------------...|...^.....[...|---.............---
          ...-- --.......)..........................--.---............---..--
          ...|   --..-------------------..--.....--....^..............| --..|
          ...|    |..|                 -------...-----------------.>.--  ----
          |.--    ----                       |....|              -----
          ---                                ---.--   *                  *
                                               ---
BaeHund the Empiric          St:8 Dx:10 Co:14 In:11 Wi:15 Ch:18  Neutral
Dlvl:9  $:609 HP:0(42) Pw:2(28) AC:8  Xp:4 T:3318  Satiated

Latest messages:
 The rothe bites again!
 You hit the rothe.
 The rothe hits!
 The rothe bites!
 The rothe misses!
 You miss the rothe.
 The rothe misses!
 The rothe bites!
 The rothe bites again!
 You hit the rothe.
 The rothe hits!
 The rothe bites!
 The rothe bites again!
 Are you sure you want to pray? [yn] (n) y
 You begin praying to Hermes.
 You are surrounded by a shimmering light.
 The rothe starts to attack you, but pulls back.
 The rothe starts to attack you, but pulls back.
 You finish your prayer.
 You feel that Hermes is well-pleased.
 You feel much better.
 You hit the rothe.
 The rothe hits!
 The rothe bites!
 The rothe bites again!
 You miss the rothe.
 The rothe hits!
 The rothe just misses!
 The rothe bites!
 You hit the rothe.
 The rothe hits!
 The rothe bites!
 The rothe misses!
 You hit the rothe.
 The rothe hits!
 The rothe bites!
 The rothe bites again!
 You hit the rothe.
 You miss the rothe.
 The rothe hits!
 The rothe bites!
 The rothe bites again!
 You miss the rothe.
 The rothe hits!
 The rothe bites!
 The rothe bites again!
 You die...
 Do you want your possessions identified? [ynq] (y) y
 Do you want to see your attributes? [ynq] (y) y
 Do you want an account of creatures vanquished? [ynaq] (y) q

Inventory:
 Coins    ('$')
  $ - 609 gold pieces
 Weapons  (')')
  a - a +0 scalpel (weapon in left hand)
 Armor    ('[')
  b - an uncursed +1 pair of leather gloves (being worn)
 Comestibles  ('%')
  l - 2 uncursed apples
  H - an uncursed food ration
 Scrolls  ('?')
  n - a blessed scroll of create monster
  p - an uncursed scroll of enchant armor
  z - an uncursed scroll of light
  k - an uncursed scroll of magic mapping
 Spellbooks  ('+')
  j - an uncursed spellbook of confuse monster
 Potions  ('!')
  s - an uncursed potion of confusion
  d - an uncursed potion of full healing
  A - a cursed potion of gain level
  g - an uncursed potion of healing
  m - an uncursed potion of invisibility
  K - an uncursed potion of sickness
  t - 2 uncursed potions of water
 Rings    ('=')
  o - an uncursed ring of warning
 Wands    ('/')
  L - a wand of light (0:13)
  I - a wand of magic missile (0:5)
  h - a wand of sleep (0:7)
 Tools    ('(')
  q - an uncursed oil lamp (lit)
  r - a +0 pick-axe
  e - an uncursed skeleton key
  c - an uncursed stethoscope
  i - an uncursed tin whistle
 Gems/Stones  ('*')
  f - an uncursed luckstone

BaeHund the Healer's attributes:

Background:
 You were an Empiric, a level 4 male human Healer.
 You were neutral, on a mission for Hermes
 who was opposed by Athena (lawful) and Poseidon (chaotic).
 You were left-handed.
 You were in the Gnomish Mines, on level 9.
 You entered the dungeon 3318 turns ago.
 You had 154 experience points, 6 more were needed to attain level 5.

Basics:
 You had 0 out of 42 hit points.
 You had 2 out of 28 energy points (spell power).
 Your armor class was 8.
 Your wallet contained 609 zorkmids.
 Autopickup was off.

Final Characteristics:
 Your strength was 8 (limit:18/100).
 Your dexterity was 10 (limit:18).
 Your constitution was 14 (limit:18).
 Your intelligence was 11 (limit:18).
 Your wisdom was 15 (limit:18).
 Your charisma was 18 (limit:18).

Final Status:
 You were satiated.
 You were unencumbered.
 You were wielding a knife.
 You had basic skill with knife.

Final Attributes:
 You were piously aligned.
 You were poison resistant.
 You were lucky.
 You had extra luck.
 Bad luck did not time out for you.
 Good luck did not time out for you.
 You are dead.

Miscellaneous:
 You didn't encounter any bones levels.
 Total elapsed playing time was 40 minutes and 16 seconds.

Major events:
 Turn
    1: BaeHund the neutral male human Healer entered the dungeon
 1200: entered the Gnomish Mines
 1550: attained the rank of Empiric (level 3)
 1583: reached Mine Town
 3318: killed by a rothe

Spells:
 Name                 Level Category     Fail Retention
 healing                1   healing        0%   81%-90%
 extra healing          3   healing        0%   81%-90%
 stone to flesh         3   healing       11%   81%-90%

Skills:
 Fighting Skills
   bare handed combat [Unskilled]
 Weapon Skills
   dagger             [Unskilled]
   knife              [Basic]
   short sword        [Unskilled]
   saber              [Unskilled]
   club               [Unskilled]
   mace               [Unskilled]
   quarterstaff       [Unskilled]
   polearms           [Unskilled]
   spear              [Unskilled]
   trident            [Unskilled]
   sling              [Unskilled]
   dart               [Unskilled]
   shuriken           [Unskilled]
   unicorn horn       [Unskilled]
 Spellcasting Skills
   healing spells     [Basic]

Voluntary challenges:
 Character rerolling was not enabled.
 You never genocided any monsters.
 You never polymorphed an object.
 You never changed form.
 You used no wishes.
Achievements:
 You entered a shop.
 You entered the Gnomish Mines.
 You attained the rank of Empiric.
 You entered Minetown.
 You entered a temple.

 The Dungeons of Doom: levels 1 to 4
    Level 1:
    Level 2:
       A general store, a grave.
    Level 3:
       Stairs down to The Gnomish Mines.
    Level 4:
 The Gnomish Mines: levels 4 to 10
    Level 4:
    Level 5:
    Level 6:
       Many shops, a temple and an altar, some fountains.
    Level 7:
    Level 8:
    Level 9: <- You were here.
       Final resting place for
          you, killed by a rothe.
    Level 10:


Vanquished creatures:
  a rock piercer
  a yellow light
 11 gnome leaders
  2 gnomish wizards
 an elf zombie
  7 dwarves
  a rothe
  a dwarf zombie
  a hobbit
  a hobgoblin
  3 cave spiders
 38 gnomes
  5 jackals
  a fox
  3 kobolds
  2 goblins
  a sewer rat
  3 grid bugs
  2 lichens
  6 newts
91 creatures vanquished.

No species were genocided or became extinct.

Game over:
                       ----------
                      /          \
                     /    REST    \
                    /      IN      \
                   /     PEACE      \
                  /                  \
                  |     BaeHund      |
                  |      609 Au      |
                  |   killed by a    |
                  |      rothe       |
                  |                  |
                  |                  |
                  |       2026       |
                 *|     *  *  *      | *
        _________)/\\_//(\/(/\)/\//\/|_)_______

Goodbye BaeHund the Healer...

You died in The Gnomish Mines on dungeon level 9 with 1076 points,
and 609 pieces of gold, after 3318 moves.
You were level 4 with a maximum of 42 hit points when you died.

